 Dungeon Crawl Stone Soup version 0.24.0-123-gd5b16e6ec5 (webtiles) character file.

Game seed: 10854089530528042695, levelgen mode: deterministic

249 FishyPogo the Stinger (level 6, -5/39 HPs)
             Began as an Octopode Transmuter on Dec 24, 2019.
             Was a Follower of Cheibriados.
             Slain by Edmund
             ... wielding a +1 flail of draining
              (12 damage)
             ... on level 4 of the Dungeon.
             The game lasted 00:14:32 (3139 turns).

FishyPogo the Stinger (Octopode Transmuter)         Turns: 3139, Time: 00:14:33

Health: -5/39      AC:  2    Str: 13    XL:     6   Next: 12%
Magic:  9/11       EV: 18    Int: 17    God:    Cheibriados [*.....]
Gold:   275        SH:  0    Dex: 20    Spells: 8/12 levels left

rFire    + . .     SeeInvis .     - Unarmed
rCold    . . .     Gourm    .   (shield currently unavailable)
rNeg     . . .     Faith    .   (helmet currently unavailable)
rPois    x         Spirit   .   (no amulet)
rElec    .         Reflect  .   h - ring of protection from cold
rCorr    .         Harm     .   r - -3 ring of intelligence (curse)
MR       .....                  x - ring of fire
Stlth    ++........             (no ring)
HPRegen  0.13/turn              (no ring)
MPRegen  0.12/turn              (no ring)
                                (no ring)
                                (no ring)

@: spider-form (expiring), heavily drained, very slow
A: tiny, almost no armour, stealthy swim, (amphibious), 8 rings, (constrict 8)
a: End Transformation, Bend Time, Renounce Religion


You were on level 4 of the Dungeon.
You worshipped Cheibriados.
Cheibriados was aware of your devotion.
You were hungry.
You were a venomous arachnid creature.
You visited 1 branch of the dungeon, and saw 4 of its levels.

You collected 275 gold pieces.

Inventory:

Hand Weapons
 a - a +4 long sword (melded)
 b - a +0 hunting sling
 v - a cursed -2 mace
Missiles
 d - 138 stones
 e - 38 poisoned darts (quivered)
 y - 12 arrows
 B - 24 sling bullets
Jewellery
 h - a ring of protection from cold (left front leg)
 r - a cursed -3 ring of intelligence (right front leg)
 x - a ring of fire (on tentacle)
Wands
 A - a wand of flame (15)
Scrolls
 k - 3 scrolls of identify {unknown}
 n - a scroll of magic mapping
 p - a scroll of fog {unknown}
 q - a scroll of enchant weapon {unknown}
 s - a scroll of teleportation
 w - a scroll of enchant armour {unknown}
Potions
 f - a potion of cancellation {unknown}
 g - a potion of agility {unknown}
 i - a potion of degeneration {unknown}
 j - 5 potions of lignification {unknown}
 l - 2 potions of curing {unknown}
 m - a potion of ambrosia {unknown}
 o - a potion of haste {unknown}
 u - a potion of berserk rage {unknown}
 z - 2 potions of flight {unknown}
 C - a potion of heal wounds {unknown}
Comestibles
 c - 9 rations
 t - 2 chunks of flesh


   Skills:
 - Level 2.0(0.6) Fighting
 - Level 2.0(0.6) Dodging
 - Level 3.0(1.5) Unarmed Combat
 + Level 3.9(2.4) Spellcasting
 + Level 2.9(1.5) Transmutations
 * Level 3.9(2.5) Poison Magic


You had 8 spell levels left.
You knew the following spells:

 Your Spells              Type           Power        Failure   Level  Hunger
u - Spider Form           Tmut/Pois      #.........   45%         3    ###....
y - Beastly Appendage     Tmut           #.....       24%         1    #......

Your spell library contained the following spells:

 Spells                   Type           Power        Failure   Level  Hunger
 Sticks to Snakes         Tmut           #.......     34%         2    ##.....
 Ice Form                 Ice/Tmut       #.......     92%         4    #####..
 Blade Hands              Tmut           #.........   99%         5    ######.


Dungeon Overview and Level Annotations

Branches:
Dungeon (4/15)
 Temple: D:4-7

Altars:
Ashenzari
Cheibriados
Dithmenos
Elyvilon
Uskayaw
Xom

Annotations:
D:4 Edmund


Innate Abilities, Weirdness & Mutations

You cannot wear most types of armour.
You are very stealthy in the water. (Stealth+)
((You are amphibious.))
You can wear up to eight rings at the same time.
((You can use your tentacles to constrict eight enemies at once.))
((Your skin changes colour to match your surroundings (Stealth+).))
((Your rubbery body absorbs attacks. (AC +1, EV +1)))


Message History

You feel drained.
You hit Edmund but do no damage.
Edmund looks as sick as possible!
Edmund is heavily wounded.
Edmund barely misses you.
You hit Edmund.
Edmund is heavily wounded.
You barely miss Edmund.
Edmund is severely wounded.
Edmund hits you with a +1 flail of draining.
You feel drained.
You hit Edmund.
Edmund looks as sick as possible!
Edmund is severely wounded.
Edmund hits you with a +1 flail of draining!
* * * LOW HITPOINT WARNING * * *
You feel drained.
* * * LOW HITPOINT WARNING * * *
You hit Edmund but do no damage.
Edmund looks as sick as possible!
Edmund is severely wounded.
Edmund hits you with a +1 flail of draining!
You die...

,,,,,*,,,,********#..........##.#
,,,,,*,*,........................
,,,,,*,,....................###..
,,,,,***...........#####..### #..
,,,,,* *...........# ##.#* #.#
,,,,,* *.........$.# ****,,* *,*
********...........# *,,,,,** *,*
,,>,,,**s.......@..# *,,,,,,* *,*
,,,,,,**........s..# *,,,,,,***,*
,,,,,,**...........# *,,,,,,,**,*
,,,,,,**#.########## *,,,,,*,**,*
,,,,,,,,,,,* *,,,,,*,,*,*
,,,,,,,,,,,* *,,,,,**,*,*
,,,,,,,,,,,* *,,,,,**,*,*
,,,,,,,,,,,* *,,,,,**,,,,
******,,,,,* *********,,* *,,,,,*
*,,,,,*


You could see Edmund.

Vanquished Creatures
  A scorpion (D:4)
  An orc wizard (D:3)
  Natasha (twice) (D:3)
  3 adders (D:3)
  2 oozes
  2 worms (D:3)
  3 dart slugs
  3 orcs (D:3)
  4 giant cockroaches
  6 goblins
  7 hobgoblins
  5 jackals
  A quokka (D:3)
  8 bats
  2 frilled lizards
  10 kobolds
  10 rats
70 creatures vanquished.

Vanquished Creatures (others)
  A worm (D:4)
1 creature vanquished.

Grand Total: 71 creatures vanquished

Notes
Turn   | Place    | Note
-------+----------+-------------------------------------------
     0 | D:1      | FishyPogo the Octopode Transmuter began the quest for the
                  | Orb.
     0 | D:1      | Reached XP level 1. HP: 13/13 MP: 3/3
   216 | D:1      | Reached XP level 2. HP: 17/18 MP: 5/5
   706 | D:1      | Reached XP level 3. HP: 18/23 MP: 5/7
   711 | D:1      | Learned a level 3 spell: Spider Form
   993 | D:2      | Reached skill level 1 in Poison Magic
  1464 | D:2      | Found a shadowy altar of Dithmenos.
  1577 | D:2      | Found a shimmering altar of Xom.
  1579 | D:2      | Found a shattered altar of Ashenzari.
  1579 | D:2      | Found a radiant altar of Vehumet.
  1581 | D:2      | Found a shimmering altar of Xom.
  1581 | D:2      | Found a glowing silver altar of Zin.
  1581 | D:2      | Found a stormy altar of Qazlal.
  1754 | D:2      | Found a shattered altar of Ashenzari.
  1754 | D:2      | Found a snail-covered altar of Cheibriados.
  1755 | D:2      | Found a white marble altar of Elyvilon.
  1760 | D:2      | Became a worshipper of Cheibriados the Contemplative
  1945 | D:3      | Reached XP level 4. HP: 19/28 MP: 6/9
  2223 | D:3      | Noticed Natasha
  2268 | D:3      | Killed Natasha
  2513 | D:3      | Reached * piety under Cheibriados
  2513 | D:3      | Reached XP level 5. HP: 34/34 MP: 7/10
  2903 | D:3      | Found a hide-covered altar of Uskayaw.
  2978 | D:3      | Noticed Natasha
  2985 | D:3      | Killed Natasha
  3060 | D:4      | Reached XP level 6. HP: 37/39 MP: 5/11
  3129 | D:4      | Noticed Edmund
  3139 | D:4      | Slain by Edmund

Levels and vault maps discovered:
D:1:      onia_arrival_larder, layout_basic, minmay_hexomino_u4
D:2:      layout_loops_cross, doesnt_xom_only_xom, lightli_temple_of_fire,
          gammafunk_temple_overflow_forgotten, chequers_ecumenical_altar_twisty,
          grunt_dithmenos_smoke
D:3:      minmay_evil_eye, layout_loops_corners, eat_drink_and_be_merry_uskayaw,
          first_ration, uniq_natasha
D:4:      layout_basic, fiery_altar_vehumet, uniq_edmund

Skill      XL: |  1  2  3  4  5 |
---------------+----------------+-----
Spellcasting   | 3 |  3.9
Poison Magic   | 1 2 3 |  3.9
Fighting       | 2 |  2.0
Dodging        | |  2.0
Unarmed Combat | |  3.0
Transmutations | |  2.9

Action                   |  1- 3 |  4- 6 || total
-------------------------+-------+-------++-------
Melee: Unarmed           |    99 |    46 ||   145
       Constrict         |    28 |     7 ||    35
       Tentacles         |    14 |     3 ||    17
       Kick              |    19 |     5 ||    24
       Long sword        |       |    15 ||    15
 Fire: Hunting sling     |       |    34 ||    34
Throw: Stone             |       |     5 ||     5
 Cast: Beastly Appendage |    24 |     6 ||    30
       Spider Form       |     2 |     6 ||     8
  Use: Scroll            |       |     2 ||     2
 Stab: Sleeping          |     5 |     3 ||     8
       Distracted        |     1 |       ||     1
  Eat: Chunk             |     4 |     4 ||     8
Armor: Skin              |    14 |     1 ||    15
Dodge: Dodged            |    68 |    37 ||   105
       Rpst.: Long sword |       |     2 ||     2
